AoeStats
← Khirs

Highland

504544487Analyzed
4v4 RM · 27d ago on Sep 5, 2026· 98m 39s· 8 players
Game mode
Random Map
Map size
Large (8 player)
Population
200
Speed
Normal
Resources
Standard
Victory
Conquest
Starting age
Dark Age
Ending age
Imperial Age
RankedLock teamsTeams togetherTeam positionsShared explorationLock speedFull tech treeHidden civsTurbo modeCheats
Victory
Defeat
🇹🇷 Japanese · Türkiye
892
+12
🇪🇸 Chinese · Spain
863
+13
🇫🇷 Vikings · France
844
+13
🇨🇿 Ethiopians · Czechia
793
+15
🇷🇺 Maya · Russia
799
-14
🇮🇩 Romans · Indonesia
791
-13
🇹🇷 Portuguese · Türkiye
785
-13
🇹🇷 Teutons · Türkiye
782
-13
BBC Enjoyer
12:53 Feudal Age
18:10 Castle Age
17:29 Fletching
19:02 Bodkin Arrow
19:51 Horse Collar
20:00 Double-Bit Axe
26:35 Bow Saw
27:40 Heavy Plow
30:05 Loom
33:19 Imperial Age
30:37 Loom
30:58 Man-at-Arms
31:23 Gambesons
31:39 Squires
31:25 Arson
32:05 Gold Mining
32:06 Stone Mining
32:55 Forging
32:45 Scale Mail Armor
34:05 Careening
34:06 Clinker Construction
34:17 Ballistics
33:33 Long Swordsman
34:25 Bracer
35:01 Iron Casting
34:42 Chain Mail Armor
35:31 Chemistry
35:20 Elite Longship
38:28 Elite Cannon Galleon
38:41 Two-Handed Swordsman
39:39 Champion
41:25 Blast Furnace
44:10 Siege Engineers
44:26 Dry Dock
44:26 Carvel Hull
44:02 Murder Holes
44:20 Fortified Wall
44:58 Plate Mail Armor
45:05 Chieftains
45:27 Conscription
48:01 Elite Berserk
58:46 Scale Barding Armor
59:51 Light Cavalry
59:51 Cavalier
72:06 Chain Barding Armor
78:30 Caravan
84:49 Onager
84:52 Capped Ram
84:53 Heavy Scorpion
85:50 Town Watch
86:11 Padded Archer Armor
86:35 Onager
86:35 Siege Ram
Tomas18078
1:46 Loom
12:45 Feudal Age
13:22 Double-Bit Axe
13:22 Horse Collar
13:46 Town Watch
18:49 Wheelbarrow
18:48 Fletching
19:01 Gold Mining
23:27 Castle Age
22:39 Fletching
22:52 Scale Mail Armor
22:15 Man-at-Arms
24:27 Long Swordsman
25:08 Squires
25:54 Bow Saw
27:57 Heavy Plow
28:30 Town Patrol
30:32 Stone Mining
31:25 Bodkin Arrow
32:38 Chain Mail Armor
35:35 Forging
37:01 Hand Cart
37:08 Caravan
43:42 Imperial Age
41:49 Iron Casting
42:02 Arson
42:01 Crossbowman
42:46 Thumb Ring
42:38 Fishing Lines
44:05 Royal Heirs
43:47 Arbalester
44:30 Bracer
44:30 Padded Archer Armor
45:01 Plate Mail Armor
45:23 Elite Skirmisher
46:45 Conscription
48:03 Two-Man Saw
46:29 Onager
49:09 Leather Archer Armor
49:55 Blast Furnace
49:02 Scale Barding Armor
49:11 Masonry
50:05 Chemistry
52:34 Coinage
52:37 Ring Archer Armor
52:42 Architecture
51:54 Elite Shotel Warrior
55:41 Torsion Engines
55:05 Siege Onager
56:42 Chain Barding Armor
56:00 Capped Ram
66:22 Siege Engineers
66:38 Ballistics
72:45 Halberdier
77:54 Siege Ram
83:43 Sappers
91:16 Husbandry
90:38 Heavy Camel Rider
Khirs
0:33 Loom
12:39 Feudal Age
14:02 Double-Bit Axe
14:55 Wheelbarrow
15:22 Horse Collar
23:46 Castle Age
22:32 Stone Mining
22:38 Gold Mining
23:25 Fletching
24:19 Padded Archer Armor
25:07 Heavy Plow
25:22 Bow Saw
27:14 Bodkin Arrow
27:58 Leather Archer Armor
31:40 Great Wall
35:38 Imperial Age
34:55 Forging
36:31 Ballistics
36:54 Thumb Ring
37:23 Conscription
38:18 Bracer
38:43 Pikeman
40:00 Ring Archer Armor
40:00 Capped Ram
42:54 Chemistry
41:59 Halberdier
42:46 Scale Mail Armor
43:51 Rocketry
45:35 Iron Casting
46:10 Chain Mail Armor
45:30 Elite Chu Ko Nu
47:06 Hand Cart
46:39 Heavy Rocket Cart
48:42 Siege Ram
50:13 Plate Mail Armor
50:43 Blast Furnace
61:25 Two-Man Saw
68:54 Murder Holes
69:11 Masonry
68:48 Arrowslits
69:14 Fortified Wall
80:48 Elite Skirmisher
89:43 Coinage
ENVY
0:45 Loom
13:35 Feudal Age
17:45 Wheelbarrow
16:56 Town Watch
21:46 Arson
25:00 Scale Mail Armor
25:11 Forging
30:51 Castle Age
28:48 Double-Bit Axe
30:35 Gold Mining
30:36 Stone Mining
31:41 Squires
31:02 Pikeman
33:10 Caravan
34:21 Horse Collar
34:53 Bow Saw
35:39 Heavy Plow
36:07 Fishing Lines
37:47 Coinage
39:32 Chain Mail Armor
40:49 Iron Casting
42:38 Gold Shaft Mining
42:18 Treadmill Crane
42:49 Fortified Wall
42:36 Murder Holes
43:16 Town Patrol
43:32 Hand Cart
46:34 Ballistics
57:59 Imperial Age
59:21 Conscription
59:56 Kataparuto
61:15 Halberdier
65:52 Chemistry
67:08 Banking
72:11 Arrowslits
72:19 Guard Tower
73:18 Plate Mail Armor
73:48 Blast Furnace
75:31 Elite Samurai
80:25 Elite Samurai
81:09 Capped Ram
84:51 Two-Man Saw
85:09 Heavy Scorpion
90:19 Elite Samurai
Etheling
0:59 Loom
12:51 Feudal Age
13:27 Double-Bit Axe
13:24 Horse Collar
14:52 Arson
15:10 Gold Mining
17:00 Forging
21:20 Scale Mail Armor
24:20 Wheelbarrow
23:40 Stone Mining
26:48 Castle Age
26:57 Eagle Warrior
27:39 Squires
27:56 Chain Mail Armor
29:04 Iron Casting
29:30 Hand Cart
30:40 Bow Saw
30:32 Heavy Plow
32:00 Fortified Wall
33:25 Masonry
34:48 Ballistics
34:24 Fletching
36:20 Stone Shaft Mining
39:54 Imperial Age
39:06 Hul'che Javelineers
39:06 Bodkin Arrow
39:06 Guard Tower
40:43 Caravan
41:19 Coinage
40:32 Pikeman
41:12 Murder Holes
40:58 Treadmill Crane
42:22 Crop Rotation
43:39 Architecture
44:00 Conscription
44:13 Plate Mail Armor
44:25 Careening
44:26 Clinker Construction
46:58 Chemistry
46:58 Banking
47:25 Bracer
47:26 Padded Archer Armor
48:40 Two-Man Saw
49:31 Leather Archer Armor
50:09 Halberdier
52:54 Keep
54:20 Hoardings
56:50 Blast Furnace
56:23 Ring Archer Armor
56:41 Capped Ram
57:33 Elite Eagle Warrior
60:05 Holcans
59:01 Elite Plumed Archer
59:52 Town Watch
63:21 Holcans
66:38 Guilds
66:30 Siege Ram
70:33 Heated Shot
82:56 Demolition Ship
83:32 Onager
88:34 Man-at-Arms
89:58 Long Swordsman
Argımak
11:48 Feudal Age
16:06 Castle Age
16:52 Double-Bit Axe
18:48 Crossbowman
21:16 Gold Mining
23:23 Stone Mining
27:50 Elite Skirmisher
29:35 Stone Shaft Mining
29:51 Fletching
32:31 Wheelbarrow
36:45 Imperial Age
34:33 Hand Cart
36:02 Horse Collar
38:41 Arquebus
39:05 Loom
43:46 Chemistry
49:30 Bow Saw
49:49 Ballistics
49:34 Arbalester
50:21 Thumb Ring
54:40 Bombard Tower
56:54 Elite Organ Gun
72:45 Circumnavigation
acilr
12:48 Feudal Age
13:21 Double-Bit Axe
13:40 Horse Collar
20:56 Castle Age
19:15 Stone Mining
19:24 Gold Mining
20:44 Wheelbarrow
22:13 Heavy Plow
22:26 Bow Saw
23:16 Hand Cart
30:20 Gold Shaft Mining
33:31 Imperial Age
30:47 Loom
30:48 Town Watch
32:00 Ballistas
32:26 Ballistics
33:08 Padded Archer Armor
32:59 Fletching
34:24 Leather Archer Armor
34:05 Bodkin Arrow
34:20 Forging
34:11 Scale Mail Armor
34:17 Scale Barding Armor
34:24 Cavalier
35:05 Husbandry
36:38 Comitatenses
35:41 Heavy Scorpion
36:33 Siege Engineers
37:44 Chemistry
37:10 Caravan
39:20 Ring Archer Armor
43:09 Chain Barding Armor
43:04 Chain Mail Armor
43:25 Iron Casting
44:06 Masonry
43:55 Murder Holes
44:58 Plate Barding Armor
44:52 Conscription
44:02 Sappers
52:57 Coinage
52:43 Guilds
55:25 Blast Furnace
72:06 Light Cavalry
72:57 Bloodlines
attila
10:24 Feudal Age
11:41 Wheelbarrow
11:24 Horse Collar
11:34 Double-Bit Axe
11:47 Loom
15:57 Gold Mining
17:34 Fishing Lines
21:43 Castle Age
22:53 Hand Cart
23:36 Hand Cart
23:39 Stone Mining
26:06 Stone Shaft Mining
27:13 Fortified Wall
27:26 Forging
27:16 Scale Mail Armor
27:52 Town Watch
28:53 Siphons
29:01 Clinker Construction
29:04 Careening
28:27 Pikeman
29:08 Squires
28:53 Gambesons
28:54 Arson
29:32 Masonry
32:25 Town Patrol
32:45 Demolition Ship
33:36 Medium Warships
36:42 Imperial Age
36:14 Guard Tower
38:17 Heavy Warships
38:57 Halberdier
39:56 Bow Saw
40:12 Heavy Plow
42:19 Conscription
41:20 Elite Teutonic Knight
42:22 Ironclad
42:38 Hoardings
42:55 Keep
42:06 Arrowslits
43:22 Chemistry
42:33 Fortified Wall
42:47 Carvel Hull
43:13 Crenellations
42:23 Sappers
45:57 Carvel Hull
45:43 Siege Engineers
46:39 Chemistry
46:00 Ballistics
45:51 Fortified Wall
45:34 Heated Shot
51:27 Bombard Tower
54:41 Caravan
55:11 Coinage
54:54 Guilds
56:07 Cavalier
56:57 Bloodlines
56:58 Scale Barding Armor
58:58 Banking
59:05 Chain Mail Armor
59:25 Iron Casting
59:11 Chain Barding Armor
65:11 Crop Rotation
64:07 Paladin
64:58 Bloodlines
65:44 Plate Barding Armor
65:40 Plate Mail Armor
95:17 Capped Ram
Connection lost

Rejoining the realm…

Still unreachable

The connection could not be restored.

Session expired

The server has moved on; the page needs a fresh start.